 Dungeon Crawl Stone Soup version 0.19-a0-49-gb8736b8 (webtiles) character file.

16724 Zhenya25pyc the Fighter (level 12, -21/77 HPs)
             Began as a Gargoyle Fighter on May 6, 2016.
             Was a High Priest of Okawaru.
             Demolished by a titanic slime creature (40 damage)
             ... on level 12 of the Dungeon.
             The game lasted 00:31:37 (10354 turns).

Zhenya25pyc the Fighter (Gargoyle Fighter)         Turns: 10354, Time: 00:31:37

Health: -21/77     AC: 32    Str: 24    XL:     12   Next: 40%
Magic:  18/18      EV: 16    Int: 10    God:    Okawaru [*****.]
Gold:   505        SH: 14    Dex: 10    Spells: 0 memorised, 11 levels left

rFire  x . .     SeeInvis .     R - +2 morningstar (protect)
rCold  . . .     Gourm    .     V - +6 ring mail "Tikhlo Ymei" {rF- MR++ Int+3}
rNeg   + . .     Faith    .     W - +2 shield
rPois  ∞         Spirit   .     (helmet restricted)
rElec  +         Dismiss  .     a - +0 cloak
rCorr  .         Reflect  .     s - +0 pair of gloves
SustAt .         Harm     .     t - +0 pair of boots
MR     +++..     Clarity  +     (no amulet)
Stlth  ..........               b - ring of protection from magic
                                y - +6 ring of evasion

@: extremely resistant to hostile enchantments, extremely unstealthy
A: horns 2, molten scales 1, berserk 1, clarity, dopey 1, high mp 1, negative
energy resistance 1, regeneration 1, screaming 1, electricity resistance,
unbreathing, petrification resistance, rot immunity, AC +8
a: Heroism, Finesse, Renounce Religion


You were on level 12 of the Dungeon.
You worshipped Okawaru.
Okawaru was extremely pleased with you.
You were not hungry.

You visited 2 branches of the dungeon, and saw 13 of its levels.
You also visited: Ossuary.

You collected 637 gold pieces.
You spent 132 gold pieces at shops.

Inventory:

Hand Weapons
 A - the +1 war axe of Peurph {pain, Dex+3}
   (You found it on level 4 of the Dungeon)

   In the hands of one skilled in necromantic magic, it inflicts extra damage on
   living creatures.
   It affects your dexterity (+3).
 R - a +2 morningstar of protection (weapon)
Armour
 a - a +0 cloak (worn)
 s - a +0 pair of gloves (worn)
 t - a +0 pair of boots (worn)
 V - the +6 ring mail "Tikhlo Ymei" (worn) {rF- MR++ Int+3}
   (Okawaru gifted it to you on level 10 of the Dungeon)

   It affects your intelligence (+3).
   It makes you vulnerable to fire.
   It affects your resistance to hostile enchantments.
 W - a +2 shield (worn)
Jewellery
 b - a ring of protection from magic (right hand)
 y - a +6 ring of evasion (left hand)
 D - an uncursed ring of see invisible
Wands
 m - a wand of disintegration (11/24)
 B - a wand of disintegration (13/24)
 M - a wand of heal wounds (6/9)
 T - a wand of disintegration (14/24)
Scrolls
 g - a scroll of blinking {unknown}
 j - 4 scrolls of identify
 n - 4 scrolls of random uselessness
 p - 3 scrolls of fog
 q - 6 scrolls of remove curse
 u - a scroll of enchant armour {unknown}
 w - 2 scrolls of enchant weapon
 F - a scroll of vulnerability {unknown}
 G - 3 scrolls of amnesia {unknown}
 K - 5 scrolls of teleportation
 L - 2 scrolls of holy word {unknown}
 N - 5 scrolls of recharging
 O - 2 scrolls of noise
 S - 3 scrolls of immolation {unknown}
 U - 2 scrolls of fear
Potions
 d - 2 potions of might
 e - 14 potions of curing
 i - 3 potions of haste
 C - 6 potions of agility
 H - 4 potions of heal wounds
 J - a potion of beneficial mutation
Comestibles
 f - 5 bread rations
 h - 31 fruits
 k - 5 meat rations
 r - 4 beef jerkies
 Q - a slice of pizza


   Skills:
 + Level 9.9 Fighting
 - Level 8.6(9.7) Axes
 * Level 7.6(9.7) Maces & Flails
 + Level 9.9 Armour
 + Level 2.7 Dodging
 + Level 9.7 Shields
 + Level 6.2 Invocations


You had 11 spell levels left.
You didn't know any spells.

Dungeon Overview and Level Annotations

Branches:
Dungeon (12/15)            Temple (1/1) D:7            Lair (0/8) D:11
    Orc (0/2) D:10

Altars:
Ashenzari
Cheibriados
Dithmenos
Elyvilon
Fedhas
Gozag
Kikubaaqudgha
Makhleb
Nemelex Xobeh
Okawaru
Pakellas
Qazlal
Ru
Sif Muna
Trog
Vehumet
Xom
Yredelemnul
Zin
The Shining One

Shops:
D:9 *   D:12 *


Innate Abilities, Weirdness & Mutations

You are resistant to torment.
Your stone body is resilient (AC +8).
You are immune to poison.
You resist negative energy.
You are resistant to electric shocks.
You can survive without breathing.
You are immune to petrification.
You are immune to rotting.
You have a pair of horns on your head.
You are partially covered in molten scales (AC +1).
You tend to lose your temper in combat.
You possess an exceptional clarity of mind.
You are dopey. (Int -2)
You have an increased reservoir of magic (+10% MP).
Your natural rate of healing is unusually fast.
You occasionally shout uncontrollably at your foes.


Message History

The titanic slime creature hits you!!
* * * LOW HITPOINT WARNING * * *
You block the slime creature's attack.
Your shield prevents you from hitting the titanic slime creature.
You headbutt the titanic slime creature!
The titanic slime creature is moderately wounded.
You block the wight's attack.
You block the titanic slime creature's attack.
You block the slime creature's attack.
You barely miss the titanic slime creature.
You headbutt the titanic slime creature!
The titanic slime creature is moderately wounded.
The titanic slime creature hits you but does no damage.
The wight hits you but does no damage.
You block the slime creature's attack. 2 wights come into view.
Your shield and ring mail "Tikhlo Ymei" prevent you from hitting the titanic slime creature.
The titanic slime creature is moderately wounded.
The titanic slime creature hits you!!!
Ouch! That really hurt!
You die...

#.zz..#....
+.....#....
#..........
#..........
#..........
#..........
#.zJJ...... #.....
#@## #....##+
#..##### ##..#..#.
##.....# #.......#
########'###.#§§.#..
...........#..§.....
...........##..#....
...........# #......
...........# #.##...
..........†###.##...


You could see a titanic slime creature, a slime creature and 3 wights.

Vanquished Creatures
  A hydra (D:10)
  An unseen horror (D:11)
  The ghost of Zhenya25pyc the Basher, a novice GrFi of Okawaru (D:8)
  3 ugly things
  A manticore (D:11)
  A guardian serpent (D:10)
  2 gargoyles
  A komodo dragon (D:11)
  The ghost of bod the Magician, a novice HEWz (D:5)
  7 trolls
  A two-headed ogre (D:11)
  A wyvern (D:12)
  A wraith (D:10)
  9 yaks
  A hippogriff (D:11)
  4 porcupines (D:8)
  Duvessa (D:7)
  5 orc warriors
  3 ice beasts
  2 sky beasts
  2 necrophages (D:8)
  16 centaurs
  9 ogres
  2 wolves (D:11)
  2 crocodiles
  2 big kobolds (D:11)
  8 giant frogs
  A gnoll sergeant (D:5)
  7 water moccasin zombies (Ossuary)
  4 scorpions
  Dowan (D:7)
  6 killer bees
  5 wights (D:10)
  A howler monkey (D:5)
  3 electric eels (D:11)
  3 crimson imps
  4 centaur zombies
  2 jellies
  13 hounds
  2 quasits
  2 giant frog skeletons
  3 orc priests
  15 orc wizards
  3 centaur skeletons
  7 iguanas
  9 worker ants
  3 big kobold zombies (Ossuary)
  2 mummies (Ossuary)
  A howler monkey zombie (D:11)
  6 gnolls
  8 adders
  A howler monkey skeleton (D:10)
  4 shadow imps
  An ooze (D:4)
  4 adder zombies (Ossuary)
  2 adder skeletons
  2 worms (D:2)
  A dart slug (D:1)
  2 giant geckos
  51 orcs
  5 giant cockroaches
  2 gnoll zombies (Ossuary)
  3 goblins
  9 hobgoblins
  19 jackals
  4 quokkas
  7 bats
  A giant gecko zombie (D:5)
  2 giant newts
  A hobgoblin zombie (Ossuary)
  A jackal skeleton (D:8)
  A jackal zombie (D:6)
  11 kobolds
  4 kobold zombies (Ossuary)
  3 orc zombies (Ossuary)
  5 rats
  2 plants
347 creatures vanquished.

Vanquished Creatures (others)
  An orc wizard (D:11)
  A jackal (D:11)
  A kobold (D:11)
  A plant (D:8)
4 creatures vanquished.

Grand Total: 351 creatures vanquished

Notes
Turn   | Place    | Note
--------------------------------------------------------------
     0 | D:1      | Zhenya25pyc the Gargoyle Fighter began the quest for the Orb.
     0 | D:1      | Reached XP level 1. HP: 14/14 MP: 1/1
   351 | D:1      | Reached XP level 2. HP: 19/19 MP: 2/2
   788 | D:2      | Reached XP level 3. HP: 21/23 MP: 3/3
   913 | D:2      | You fall through a shaft for 2 floors!
   959 | D:3      | Reached XP level 4. HP: 27/29 MP: 4/4
  1939 | D:3      | Found a sacrificial altar of Ru.
  2098 | D:4      | Noticed an ogre
  2106 | D:4      | Killed an ogre
  2106 | D:4      | Reached XP level 5. HP: 15/34 MP: 5/5
  2294 | D:4      | Noticed an ogre
  2303 | D:4      | Killed an ogre
  2303 | D:4      | Reached XP level 6. HP: 29/39 MP: 6/6
  2711 | D:4      | Reached XP level 7. HP: 42/44 MP: 7/7
  2898 | D:4      | Got a bone war axe
  2899 | D:4      | Identified the +1 war axe of Peurph {pain, Dex+3} (You found it on level 4 of the Dungeon)
  3128 | D:5      | Entered Level 5 of the Dungeon
  3167 | D:5      | Reached skill level 5 in Fighting
  3215 | D:5      | You fall through a shaft for 2 floors!
  3241 | D:7      | Reached skill level 1 in Axes
  3366 | D:7      | Reached skill level 5 in Shields
  3386 | D:7      | Reached skill level 5 in Armour
  3387 | D:7      | Noticed Duvessa
  3387 | D:7      | Noticed Dowan
  3419 | D:7      | Killed Dowan
  3420 | D:7      | Killed Duvessa
  3420 | D:7      | Reached XP level 8. HP: 18/50 MP: 8/8
  3435 | D:7      | Gained mutation: You have a pair of small horns on your head. [mutagenic meat]
  3436 | D:7      | Gained mutation: You have a pair of horns on your head. [mutagenic meat]
  3625 | D:7      | Found a staircase to the Ecumenical Temple.
  3659 | Temple   | Entered the Ecumenical Temple
  3775 | Temple   | Became a worshipper of Warmaster Okawaru
  3892 | D:6      | Found a sand-covered staircase.
  3900 | Ossuary  | Entered an ossuary
  4008 | Ossuary  | Reached * piety under Okawaru
  4526 | D:6      | Reached XP level 9. HP: 38/56 MP: 9/9
  4663 | D:6      | Reached ** piety under Okawaru
  4663 | D:6      | Reached skill level 5 in Axes
  4844 | D:6      | Found a sparkling altar of Nemelex Xobeh.
  4846 | D:6      | Found a sacrificial altar of Ru.
  4846 | D:6      | Found a shattered altar of Ashenzari.
  5069 | D:6      | Noticed a troll
  5076 | D:6      | Killed a troll
  5105 | D:5      | Noticed bod's ghost (novice HEWz)
  5126 | D:5      | Killed bod's ghost
  5328 | D:5      | Gained mutation: Your spells are a little easier to cast, but a little less powerful. [mutagenic meat]
  5375 | D:5      | Found a glowing golden altar of the Shining One.
  6051 | D:7      | Reached *** piety under Okawaru
  6261 | D:8      | Reached skill level 1 in Invocations
  6291 | D:8      | Reached XP level 10. HP: 59/63 MP: 9/11
  6326 | D:8      | Found a shadowy altar of Dithmenos.
  6452 | D:8      | Reached **** piety under Okawaru
  6890 | D:8      | Noticed a red ugly thing
  6907 | D:8      | Killed a red ugly thing
  6965 | D:8      | Noticed Zhenya25pyc's ghost (novice GrFi)
  6990 | D:8      | Killed Zhenya25pyc's ghost
  7734 | D:9      | Reached ***** piety under Okawaru
  7743 | D:9      | Found Kahoa's Assorted Antiques.
  7755 | D:9      | Bought a scroll labeled HAUVADW WUSATA for 33 gold pieces
  7755 | D:9      | Bought a scroll labeled HAUVADW WUSATA for 33 gold pieces
  7755 | D:9      | Bought a scroll labeled IXKOKI RYNEQA for 33 gold pieces
  7755 | D:9      | Bought a scroll labeled HAUVADW WUSATA for 33 gold pieces
  7788 | D:9      | Reached XP level 11. HP: 55/69 MP: 14/14
  8259 | D:9      | Found a bloodstained altar of Trog.
  8357 | D:10     | Entered Level 10 of the Dungeon
  8378 | D:10     | Found a staircase to the Orcish Mines.
  8457 | D:10     | Received a gift from Okawaru
  8458 | D:10     | Got a distressingly furry ring mail {god gift}
  8476 | D:10     | Identified the +6 ring mail "Tikhlo Ymei" {rF- MR++ Int+3} (Okawaru gifted it to you on level 10 of the Dungeon)
  8493 | D:10     | Lost mutation: Your spells are a little easier to cast, but a little less powerful. [potion of mutation]
  8493 | D:10     | Gained mutation: Your natural rate of healing is unusually fast. [potion of mutation]
  8494 | D:10     | Gained mutation: You are frail (-10% HP). [potion of mutation]
  8494 | D:10     | Gained mutation: You tend to lose your temper in combat. [potion of mutation]
  8494 | D:10     | Gained mutation: You are dopey. (Int -2) [potion of mutation]
  8495 | D:10     | Gained mutation: You occasionally shout uncontrollably at your foes. [potion of mutation]
  8495 | D:10     | Gained mutation: You are partially covered in molten scales (AC +1). [potion of mutation]
  8495 | D:10     | Lost mutation: You are frail (-10% HP). [potion of mutation]
  8718 | D:10     | Reached skill level 5 in Maces & Flails
  9011 | D:10     | Found a blossoming altar of Fedhas.
  9371 | D:11     | Found a staircase to the Lair.
  9372 | D:11     | Noticed an eight-headed hydra
  9384 | D:10     | Killed an eight-headed hydra
  9384 | D:10     | Reached skill level 1 in Dodging
  9384 | D:10     | Reached skill level 5 in Invocations
  9741 | D:11     | Reached XP level 12. HP: 76/76 MP: 16/16
  9981 | D:11     | Received a gift from Okawaru
 10006 | D:11     | Gained mutation: You have an increased reservoir of magic (+10% MP). [mutagenic meat]
 10007 | D:11     | Gained mutation: You possess an exceptional clarity of mind. [mutagenic meat]
 10295 | D:12     | Found Igaqeb's Demolitions Depot.
 10354 | D:12     | Demolished by a titanic slime creature

Vault maps used:
D:1:      dpeg_arrival_ternary
D:3:      st_stairs_9, minivault_27, nicolae_ru_the_path_less_chosen
D:4:      kennysheep_another_room
D:5:      kennysheep_little_box, first_bread
D:6:      grunt_temple_overflow_diamond, enter_ossuary_3
D:7:      minmay_temple_entry_overgrown, uniq_duvessa
D:8:      wad_woods_stonehenge
D:9:      bloody_trog, serial_shops, nicolae_shop_temple_entry_statues_fountains
D:10:     david_orc_2, hangedman_tree_tricks, nrook_guardian_serpent_double
D:11:     erik_lair_island, grunt_potential
D:12:     serial_shops, kennysheep_mini, minmay_misc_feat_x,
          nicolae_blasting_shop
Temple:   eino_wide_crystal_templ_15
Ossuary:  ossuary_tomb_2

Skill      XL: |  1  2  3  4  5  6  7  8  9 10 11 12 |
---------------+-------------------------------------+-----
Maces & Flails | 3 4 6 7 |  7.6
Fighting       | 4 5 6 7 8 9 |  9.9
Shields        | 4 5 6 7 8 9 |  9.7
Armour         | 4 5 6 7 8 9 |  9.9
Axes           | 2 4 6 8 |  8.6
Invocations    | 1 4 5 6 |  6.2
Dodging        | 2 |  2.7

Action                   |  1- 3 |  4- 6 |  7- 9 | 10-12 || total
-------------------------+-------+-------+-------+-------++-------
Melee: Flail             |   117 |   172 |       |       ||   289
       War axe           |       |       |   405 |   282 ||   687
       Headbutt          |       |       |    79 |   159 ||   238
       Morningstar       |       |       |       |   387 ||   387
Invok: Heroism           |       |       |     1 |     4 ||     5
       Finesse           |       |       |       |     1 ||     1
Evoke: Wand              |       |       |       |     2 ||     2
  Use: Scroll            |       |       |       |    19 ||    19
       Potion            |       |       |       |     3 ||     3
  Eat: Chunk             |       |     6 |    13 |    19 ||    38
       Royal jelly       |       |       |     1 |       ||     1
Armor: Scale mail        |    78 |    89 |   175 |       ||   342
       Ring mail         |       |       |    63 |   321 ||   384
Dodge: Dodged            |    55 |    50 |   102 |   376 ||   583
Block: Shield            |    73 |    78 |   147 |    35 ||   333
       Large shield      |       |       |   140 |   701 ||   841
